 Dungeon Crawl Stone Soup version 0.22-a0-456-g11ed031 (webtiles) character file.

438 n0claF the Cudgeler (level 6, 0/48 HPs)
             Began as a Demonspawn Abyssal Knight on June 6, 2018.
             Was a Believer of Lugonu.
             Succumbed to a worker ant's poison
             ... on level 4 of the Dungeon.
             The game lasted 00:11:52 (2410 turns).

n0claF the Cudgeler (Demonspawn Abyssal Knight)     Turns: 2410, Time: 00:11:53

Health: 0/48       AC:  4    Str: 14    XL:     6   Next: 69%
Magic:  5/7        EV: 12    Int: 16    God:    Lugonu [**....]
Gold:   238        SH:  0    Dex: 12    Spells: 5/5 levels left

rFire    . . .     SeeInvis .   f - +2 whip (elec)
rCold    . . .     Gourm    .   (no shield)
rNeg     . . .     Faith    .   k - -1 leather armour (curse)
rPois    .         Spirit   +   (no helmet)
rElec    .         Reflect  .   (no cloak)
rCorr    .         Harm     .   (no gloves)
MR       .....                  (no boots)
Stlth    +.........             (no amulet)
HPRegen  0.56/turn              (no ring)
MPRegen  0.20/turn              (no ring)

@: lethally poisoned (0 -> 0), berserk cooldown
A: slimy green scales 1, clever 1, regeneration 1, magic shield, magic
regeneration
a: Depart the Abyss, Bend Space, Renounce Religion


You were on level 4 of the Dungeon.
You worshipped Lugonu.
Lugonu was pleased with you.
You were hungry.

You visited 1 branch of the dungeon, and saw 4 of its levels.
You visited the Abyss 1 time.

You collected 238 gold pieces.

Inventory:

Hand Weapons
 f - a +2 whip of electrocution (weapon)
Armour
 j - a +0 ring mail
 k - a cursed -1 leather armour (worn)
Jewellery
 h - an uncursed ring of protection from fire {unknown}
 m - an uncursed ring of protection from fire {unknown}
Scrolls
 a - 2 scrolls of fear {unknown}
 b - 2 scrolls of identify
 g - 3 scrolls of teleportation
 p - a scroll of magic mapping {unknown}
Potions
 e - a potion of brilliance {unknown}
 i - a potion of berserk rage
 l - a potion of curing {unknown}
 n - a potion of flight {unknown}
 o - a potion of degeneration {unknown}
Comestibles
 c - 7 rations


   Skills:
 + Level 4.2 Fighting
 * Level 4.6 Maces & Flails
   Level 1.7 Polearms
 + Level 2.7 Armour
 + Level 2.1 Dodging
 - Level 2.5 Invocations


You had 5 spell levels left.
You didn't know any spells.
Your spell library was empty.

Dungeon Overview and Level Annotations

Branches:
Dungeon (4/15)
 Temple: D:4-7

Altars:


Innate Abilities, Weirdness & Mutations

You are partially covered in slimy green scales. (AC +2)
When hurt, damage is shared between your health and your magic reserves.
You regenerate magic rapidly.
Your mind is acute. (Int +2)
Your natural rate of healing is unusually fast.


Message History

Lugonu accepts your kill.
There is a stone staircase leading up here.
You hit the worker ant.
The worker ant is moderately wounded.
The worker ant bites you.
* * * LOW HITPOINT WARNING * * *
You are lethally poisoned!
The worker ant poisons you!
You hit the worker ant.
The worker ant is moderately wounded.
* * * LOW HITPOINT WARNING * * *
You feel sick. The worker ant barely misses you.
You hit the worker ant but do no damage.
Lightning courses through the worker ant!
You kill the worker ant!
Lugonu accepts your kill.
There is a lethal amount of poison in your body!
It was a potion of mutation.
You feel extremely strange.
You begin to heal more quickly.
You feel clever.
You die...

# # .#. #># #.#
a.#########.#
........@##.# <
.#######.##.###.#..
#))........#
####>###.###
#........ #..#####.
##..# ######...#
.........#


There were no monsters in sight!

Vanquished Creatures
  The ghost of Zorot the Insei, an amateur OpTm (D:3)
  2 orc wizards
  An orc priest (D:4)
  2 worker ants
  5 adders
  An adder skeleton (D:4)
  A worm (D:3)
  3 dart slugs
  A leopard gecko (D:2)
  4 orcs
  A ball python (D:3)
  8 bats
  A giant cockroach (D:2)
  10 goblins
  12 hobgoblins
  8 jackals
  4 frilled lizards
  3 kobolds
  4 rats
72 creatures vanquished.

Notes
Turn   | Place    | Note
-------+----------+-------------------------------------------
     0 | Abyss:1  | n0claF the Demonspawn Abyssal Knight began the quest for the Orb.
     0 | Abyss:1  | Reached XP level 1. HP: 18/18 MP: 2/2
    67 | Abyss:2  | Noticed a small abomination
    68 | D:1      | Escaped the Abyss
   316 | D:1      | Reached skill level 1 in Dodging
   316 | D:1      | Gained mutation: You are partially covered in slimy green scales. (AC +2) [demonic ancestry]
   316 | D:1      | Reached XP level 2. HP: 10/24 MP: 3/3
   347 | D:1      | Reached * piety under Lugonu
   736 | D:2      | Gained mutation: When hurt, damage is shared between your health and your magic reserves. [demonic ancestry]
   736 | D:2      | Reached XP level 3. HP: 28/29 MP: 4/4
   853 | D:2      | Reached skill level 1 in Maces & Flails
  1467 | D:3      | Reached XP level 4. HP: 33/36 MP: 3/5
  1586 | D:3      | Reached ** piety under Lugonu
  1692 | D:3      | Reached XP level 5. HP: 35/42 MP: 6/6
  1783 | D:3      | Noticed Zorot's ghost (amateur OpTm)
  1804 | D:3      | Killed Zorot's ghost
  1804 | D:3      | Gained mutation: You regenerate magic rapidly. [demonic ancestry]
  1804 | D:3      | Reached XP level 6. HP: 14/48 MP: 3/7
  2395 | D:4      | HP: 1/48 [adder skeleton (2)]
  2401 | D:4      | HP: 1/48 [adder skeleton (1)]
  2407 | D:4      | HP: 2/48 [worker ant (1)]
  2410 | D:4      | Gained mutation: Your natural rate of healing is unusually fast. [potion of mutation]
  2410 | D:4      | Gained mutation: Your mind is acute. (Int +2) [potion of mutation]
  2410 | D:4      | Succumbed to a worker ant's poison

Vault maps used:
D:1:      minmay_arrival_cross, minmay_strange_pillars
D:2:      serial_forest, infiniplex_forest_zigzag_2,
          infiniplex_forest_lined_4_way, infiniplex_forest_straight_3,
          infiniplex_forest_side_room, infiniplex_forest_zigzag_2,
          infiniplex_forest_clump_curved, first_ration
D:3:      minmay_goblin_outpost
D:4:      serial_shops, shop, shop, enter_ossuary_5, minmay_mini_jars
Abyss:2:  evilmike_abyss_exit_6

Skill      XL: |  1  2  3  4  5 |
---------------+----------------+-----
Dodging        | 1 2 |  2.1
Armour         | 2 |  2.7
Maces & Flails | 1 2 4 |  4.6
Fighting       | 4 |  4.2
Polearms       | |  1.7
Invocations    | |  2.5

Action                   |  1- 3 |  4- 6 || total
-------------------------+-------+-------++-------
Melee: Whip              |   130 |    95 ||   225
       Spear             |    14 |       ||    14
Invok: Depart the Abyss  |     1 |       ||     1
       Bend Space        |       |     1 ||     1
  Use: Potion            |     3 |     2 ||     5
       Scroll            |     3 |     2 ||     5
  Eat: Ration            |     1 |       ||     1
       Chunk             |       |     1 ||     1
Armor: Leather armour    |    39 |    16 ||    55
       Skin              |    52 |       ||    52
       Ring mail         |    29 |     2 ||    31
Dodge: Dodged            |    96 |    46 ||   142

Table legend:
 A = Spawn XP
 B = Non-spawn XP
 C = Spawn XP percentage of total XP
 D = Spawn monster count
 E = Non-spawn monster count
 F = Spawn count percentage of total count
 G = Total turns spent on level
                    A         B        C        D         E        F      G
               +---------+---------+-------+---------+---------+-------+---------
         Total |       0 |     626 |   0.0 |       0 |      72 |   0.0 |  2410
               +---------+---------+-------+---------+---------+-------+---------
           D:1 |       0 |      33 |   0.0 |       0 |      19 |   0.0 |   591
           D:2 |       0 |      45 |   0.0 |       0 |      18 |   0.0 |   503
           D:3 |       0 |     440 |   0.0 |       0 |      30 |   0.0 |  1194
           D:4 |       0 |     108 |   0.0 |       0 |       5 |   0.0 |    54
               +---------+---------+-------+---------+---------+-------+---------
